Map: [ESL] Gresvan

Players

Vindicta

  • Race: Terran Terran
  • Spawn Location: 5:00

Astrea - Winner!

  • Race: Protoss Protoss
  • Spawn Location: 11:00

Event: ESL SC2 Masters 2023 Summer (Regionals)

VOD

Have the link to the VOD?

Description

Time

  • Played on: May 7, 2023, 3:29 p.m.
  • Length: 18:10

All games in this series

Show
View Real Time Build Order
Export as new Build Order

Vindicta Terran 

Build Orders: Reaper Expand 

Get SALT Encoding   

  12  0:00  SCV  
  13  0:12  SCV  
  14  0:16  Supply Depot  
  14  0:24  SCV  
  15  0:38  SCV  
  15  0:39  Barracks  
  16  0:43  Refinery  
  16  0:50  SCV  
  17  1:02  SCV  
  18  1:14  SCV  
  19  1:26  Orbital Command  
  19  1:27  Reaper  
  20  1:39  Command Center  
  20  1:48  Supply Depot  
  20  1:54  SCV  
  20  1:59  Marine  
  22  2:06  SCV  
  23  2:09  Factory  
  23  2:18  SCV  
  23  2:20  Barracks Reactor  
  23  2:22  Bunker  
  24  2:31  Refinery, SCV  
  25  2:43  SCV  
  26  2:53  Orbital Command  
  26  2:55  SCV, Hellion  
  26  2:57  Marine x2  
  30  3:06  Starport  
  30  3:07  SCV  
  31  3:15  Marine x2  
  31  3:19  SCV  
  36  3:20  Widow Mine  
  36  3:22  SCV  
  37  3:31  SCV  
  37  3:33  Marine x2  
  37  3:34  SCV  
  41  3:38  Supply Depot  
  43  3:41  Widow Mine  
  43  3:45  Medivac  
  45  3:50  SCV  
  46  3:59  Marine x2  
  46  4:00  SCV, Supply Depot  
  46  4:02  SCV, Factory Tech Lab  
  50  4:12  SCV  
  50  4:15  Liberator  
  54  4:21  Marine x2  
  54  4:22  SCV, Supply Depot  
  54  4:23  Siege Tank  
  54  4:24  SCV  
  61  4:34  SCV  
  62  4:38  Command Center  
  62  4:42  Barracks  
  62  4:44  SCV  
  63  4:46  SCV  
  63  4:48  Barracks  
  64  4:54  Marine  
  64  4:55  Marine, Siege Tank  
  64  4:59  Supply Depot  
  69  5:04  Supply Depot  
  69  5:05  SCV  
  70  5:07  SCV, Starport Reactor  
  70  5:09  Refinery, Starport Tech Lab  
  70  5:10  Refinery  
  70  5:12  Marine  
  72  5:17  SCV, Marine  
  72  5:19  SCV  
  75  5:24  Engineering Bay  
  73  5:29  SCV  
  73  5:31  Siege Tank  
  73  5:34  Barracks Tech Lab  
  73  5:35  SCV  
  78  5:45  Marine  
  78  5:46  SCV  
  78  5:49  SCV  
  79  5:55  Orbital Command, Combat Shield  
  77  5:59  Stimpack  
  77  6:00  Marauder x2  
  77  6:03  SCV  
  76  6:06  Marine  
  76  6:07  SCV  
  76  6:09  Terran Infantry Weapons Level 1  
  75  6:12  Starport Reactor  
  75  6:15  SCV  
  76  6:21  Marauder  
  76  6:25  Orbital Command  
  71  6:27  Marauder  
  71  6:28  Barracks x2  
  71  6:29  Siege Tank  
  71  6:32  Marine  
  72  6:33  SCV  
  72  6:36  Marine  
  72  6:37  SCV  
  75  6:43  Marauder  
  75  6:45  SCV  
  78  6:48  Supply Depot, Marine, Medivac x2  
  78  6:49  Marine  
  78  6:50  SCV x2  
  78  6:54  Marine  
  87  6:57  SCV  
  88  7:02  SCV x2  
  88  7:04  Marauder  
  88  7:05  Marine  
  88  7:07  Sensor Tower, Siege Tank  
  96  7:10  Supply Depot  
  96  7:16  Barracks Reactor, Barracks Tech Lab  
  96  7:18  SCV x3  
  96  7:19  Refinery  
  96  7:21  Refinery  
  99  7:24  Marauder  
  99  7:25  Marauder  
  99  7:27  Marine  
  99  7:28  Marine  
  105  7:30  SCV  
  105  7:32  Missile Turret  
  105  7:33  Supply Depot  
  105  7:34  SCV  
  108  7:38  Ghost Academy  
  108  7:39  SCV  
  108  7:40  Concussive Shells  
  108  7:43  Missile Turret, Siege Tank  
  112  7:46  Missile Turret, Medivac  
  112  7:49  Marauder  
  112  7:50  SCV x2  
  118  7:55  Marauder  
  118  7:56  Supply Depot  
  118  7:57  Viking  
  118  7:58  SCV, Marauder  
  124  7:59  Marine  
  124  8:02  Marine  
  126  8:07  SCV  
  126  8:10  Barracks Reactor  
  126  8:11  Marauder  
  128  8:16  Viking  
  128  8:17  Missile Turret x2  
  128  8:18  Missile Turret  
  128  8:19  SCV, Marine  
  135  8:20  Supply Depot, Marine  
  135  8:25  Supply Depot  
  135  8:26  Supply Depot  
  135  8:27  Viking, Ghost  
  139  8:35  Terran Infantry Armor Level 1  
  139  8:36  Marauder x2  
  139  8:37  Supply Depot  
  141  8:41  Marine x2  
  141  8:42  Supply Depot  
  141  8:46  Siege Tank  
  145  8:48  Marine x2  
  145  8:51  Supply Depot  
  147  8:56  Marauder  
  147  8:57  Ghost, Medivac  
  147  8:59  Marine x2  
  157  9:06  Marine x2  
  157  9:08  Supply Depot  
  158  9:23  Marine x2  
  157  9:26  Marine x2  
  157  9:30  Ghost  
  157  9:31  Engineering Bay, Command Center, Armory  
  157  9:32  Ghost  
  157  9:33  Ghost  
  161  9:41  Marine x2  
  161  9:43  Marine  
  161  9:44  Marine  
  165  9:45  SCV  
  163  9:55  Siege Tank  
  163  9:57  Barracks x2  
  163  9:58  Barracks  
  163  9:59  Marine x2  
  170  10:00  Marauder  
  170  10:01  Marine  
  170  10:05  Supply Depot  
  157  10:23  Marine x2, Marauder  
  157  10:24  Marine x2, Medivac  
  157  10:27  Viking  
  145  10:32  SCV, Terran Infantry Weapons Level 2  
  143  10:35  SCV  
  143  10:36  SCV, Siege Tank  
  143  10:41  Terran Infantry Armor Level 2  
  144  10:43  Terran Ship Weapons Level 1  
  144  10:45  SCV  
  144  10:48  SCV, Barracks Tech Lab x3  
  144  10:49  SCV  
  147  10:52  Marine  
  147  10:54  Medivac  
  150  10:57  SCV  
  150  10:59  Marine  
  150  11:00  SCV  
  150  11:01  Marine  
  158  11:10  Sensor Tower, Marine, Siege Tank  
  159  11:11  Barracks Tech Lab  
  159  11:12  Planetary Fortress  
  159  11:15  Marine  
  160  11:19  Marine  
  160  11:20  Marine  
  160  11:23  Missile Turret  
  161  11:33  Refinery, Missile Turret  
  161  11:34  Refinery, Ghost  
  163  11:40  Liberator x2  
  163  11:46  Marine x3  
  172  11:47  Marine  
  172  11:48  Marine  
  172  11:51  Marine, Ghost x2  
  172  11:53  Marine  
  180  12:03  Ghost  
  180  12:04  Marine  
  180  12:05  Ghost, Siege Tank  
  180  12:07  Marine  
  186  12:11  Marine x2, Ghost  
  180  12:20  Marine x2, Marauder  
  180  12:21  Marine  
  175  12:25  Marine  
  175  12:27  SCV  
  175  12:29  Marine  
  171  12:30  Marine  
  171  12:32  Marauder  
  171  12:34  Marauder  
  176  12:38  Marine  
  175  12:46  Medivac  
  175  12:47  Command Center  
  175  12:48  Sensor Tower  
  175  12:49  Viking  
  175  12:50  Marauder  
  177  12:51  Marine  
  177  12:53  Marine  
  177  12:56  Marine x2  
  185  12:58  Marine  
  185  12:59  Marine  
  185  13:00  Marauder  
  185  13:01  SCV  
  185  13:10  Terran Infantry Weapons Level 3, Terran Infantry Armor Level 3  
  178  13:13  Marauder  
  178  13:15  Marauder  
  178  13:16  Marine  
  178  13:17  Marine  
  178  13:18  Marauder  
  186  13:23  Marine  
  180  13:30  Medivac x2  
  184  13:36  Siege Tank  
  184  13:39  Terran Ship Weapons Level 2  
  181  13:42  SCV x2  
  181  13:43  Starport  
  181  13:44  Fusion Core  
  182  13:48  Marauder  
  182  13:49  Sensor Tower  
  182  13:51  SCV  
  182  13:52  Marine  
  182  13:53  Marine, Marauder  
  187  13:57  Marine  
  187  14:00  Marine, Medivac x2  
  193  14:06  Marine  
  193  14:17  Starport, Marine  
  193  14:18  Marauder  
  193  14:22  Marine, Marauder  
  198  14:25  Refinery  
  198  14:26  Missile Turret  
  198  14:27  Refinery  
  191  14:33  Orbital Command  
  161  14:39  Viking x2  
  161  14:42  Marine x2  
  161  14:44  Marine  
  161  14:45  Planetary Fortress  
  165  14:51  Marine  
  162  14:53  Starport Reactor, Advanced Ballistics  
  162  14:54  SCV  
  162  14:56  SCV  
  155  15:02  Marine x2, Marauder  
  155  15:03  Marine  
  155  15:04  Marauder  
  162  15:09  Marine  
  162  15:10  Marauder  
  162  15:11  Starport Reactor  
  165  15:16  Liberator  
  165  15:17  Liberator  
  165  15:19  Marine  
  172  15:23  Marine  
  172  15:24  Marine  
  173  15:29  Ghost  
  173  15:30  Marine x2  
  173  15:31  Marine  
  173  15:32  Marine  
  173  15:34  Sensor Tower  
  174  15:43  Marine, Marauder  
  174  15:44  Liberator  
  163  15:50  Marine  
  163  15:51  Marauder  
  163  15:52  Liberator, Marine x2  
  163  15:53  Marine  
  163  15:54  Marine  
  175  15:57  Marauder  
  175  16:00  Liberator  
  175  16:04  Marine  
  171  16:10  Marine  
  162  16:14  Marine  
  162  16:16  SCV  
  165  16:20  Liberator  
  165  16:23  Liberator  
  165  16:24  Liberator  
  170  16:25  SCV  
  170  16:26  SCV  
  170  16:31  Marine  
  170  16:32  Liberator  
  175  16:34  Marine  
  175  16:39  Ghost  
  174  16:41  Liberator  
  174  16:44  Marine x2  
  176  16:52  Marine x2, Orbital Command  
  176  16:53  Marine, Marauder x2  
  182  17:04  Marine  
  183  17:09  Liberator, Marine x2  
  183  17:15  Marine x4, Marauder  
  170  17:20  Liberator x2  
  176  17:22  Marine  
  176  17:23  Marine  
  176  17:24  Marine  
  179  17:30  Marine  
  180  17:41  Marauder  
  180  17:44  Marine x2, Marauder x3  
  166  17:45  Marine  
  166  17:46  Marine  
Show
View Real Time Build Order
Export as new Build Order

Astrea Protoss - Winner!

Build Orders: 1 Gate Expand, Blink Stalkers 

Get SALT Encoding   

  12  0:00  Probe  
  13  0:12  Probe  
  14  0:17  Pylon  
  14  0:24  Probe (Chrono Boost)  
  15  0:36  Probe (Chrono Boost), Gateway  
  16  0:44  Probe (Chrono Boost)  
  16  0:47  Assimilator  
  17  0:51  Probe  
  18  1:03  Probe  
  19  1:15  Probe  
  20  1:24  Cybernetics Core  
  20  1:32  Nexus  
  20  1:36  Probe  
  21  1:42  Pylon  
  21  1:48  Probe  
  21  1:52  Assimilator  
  22  1:58  Adept (Chrono Boost)  
  22  2:00  Probe  
  25  2:03  Warp Gate  
  25  2:12  Probe  
  26  2:18  Adept (Chrono Boost)  
  27  2:24  Probe  
  27  2:28  Twilight Council  
  28  2:36  Probe  
  28  2:48  Probe  
  28  2:50  Probe  
  30  2:57  Blink (Chrono Boost)  
  30  3:00  Probe  
  30  3:02  Probe  
  32  3:12  Probe  
  33  3:14  Probe, Gateway  
  34  3:24  Probe  
  34  3:26  Probe  
  36  3:29  Sentry  
  36  3:30  Pylon  
  38  3:36  Probe  
  38  3:38  Probe  
  40  3:46  Nexus  
  40  3:50  Probe  
  40  3:54  Robotics Facility  
  41  3:56  Probe  
  41  4:00  Phoenix  
  41  4:02  Probe  
  43  4:03  Stalker  
  43  4:08  Probe  
  43  4:09  Stalker  
  46  4:16  Probe  
  47  4:19  Pylon  
  47  4:22  Probe, Assimilator  
  48  4:25  Assimilator  
  48  4:28  Probe  
  48  4:31  Stalker  
  51  4:34  Probe, Stalker  
  54  4:40  Probe  
  54  4:42  Observer  
  56  4:46  Probe  
  57  4:52  Probe  
  57  4:58  Probe  
  57  4:59  Stalker x2  
  63  5:01  Probe  
  65  5:07  Probe (Chrono Boost)  
  65  5:08  Pylon  
  65  5:09  Robotics Bay  
  65  5:14  Probe (Chrono Boost), Pylon  
  68  5:16  Probe (Chrono Boost)  
  68  5:19  Probe (Chrono Boost)  
  69  5:24  Probe (Chrono Boost)  
  69  5:25  Stalker x2  
  69  5:27  Probe (Chrono Boost)  
  80  5:35  Immortal  
  80  5:38  Probe x2, Shield Battery  
  80  5:39  Probe  
  80  5:50  Probe  
  80  5:53  Probe  
  77  5:57  Stalker x2  
  77  5:59  Probe  
  77  6:02  Probe  
  83  6:06  Probe  
  82  6:12  Probe  
  82  6:14  Probe  
  84  6:21  Probe (Chrono Boost)  
  84  6:22  Colossus (Chrono Boost)  
  84  6:24  Pylon  
  91  6:28  Probe (Chrono Boost)  
  91  6:29  Probe (Chrono Boost)  
  92  6:33  Probe (Chrono Boost)  
  92  6:38  Extended Thermal Lance, Forge  
  92  6:39  Probe (Chrono Boost)  
  93  6:40  Forge  
  93  6:42  Probe x2 (Chrono Boost)  
  93  6:46  Observer  
  95  6:50  Nexus  
  95  6:51  Probe  
  95  6:52  Pylon  
  95  6:53  Probe  
  97  6:57  Probe, Charge  
  98  7:03  Probe  
  98  7:05  Protoss Ground Weapons Level 1 (Chrono Boost), Gateway  
  98  7:06  Gateway  
  99  7:08  Pylon  
  99  7:09  Observer  
  99  7:10  Probe x2  
  99  7:14  Protoss Ground Armor Level 1 (Chrono Boost)  
  99  7:15  Sentry x2  
  103  7:18  Probe  
  103  7:20  Gateway  
  103  7:22  Probe x2  
  108  7:23  Gateway  
  108  7:26  Pylon  
  108  7:30  Probe  
  108  7:34  Probe x2, Colossus (Chrono Boost)  
  117  7:44  Probe  
  117  7:46  Probe x2  
  117  7:50  Observer  
  120  7:53  Gateway  
  120  7:54  Gateway  
  120  7:58  Gateway  
  120  8:02  Gateway  
  120  8:04  Pylon  
  120  8:07  Zealot x4  
  128  8:21  Warp Prism (Chrono Boost)  
  128  8:22  Nexus  
  130  8:29  Zealot x6  
  141  8:39  Shield Battery, Photon Cannon  
  141  8:40  Pylon  
  141  8:45  Pylon, Colossus (Chrono Boost)  
  141  8:46  Protoss Ground Weapons Level 2 (Chrono Boost), Protoss Ground Armor Level 2 (Chrono Boost)  
  147  8:48  Pylon  
  147  8:57  Pylon  
  147  9:01  Zealot x4  
  155  9:07  Robotics Facility  
  155  9:08  Zealot x6  
  149  9:27  Zealot x4  
  149  9:29  Zealot x6  
  169  9:33  Disruptor (Chrono Boost)  
  156  9:51  Stalker, Zealot x9  
  170  9:54  Disruptor (Chrono Boost)  
  170  9:55  Probe x4  
  170  9:56  Probe  
  178  10:04  Disruptor (Chrono Boost)  
  181  10:07  Probe x2  
  181  10:18  Zealot x7  
  181  10:19  Zealot  
  185  10:22  Disruptor (Chrono Boost)  
  185  10:25  Zealot x2  
  138  10:38  Stalker x3  
  138  10:39  Stalker x5  
  154  10:51  Stalker x2, Observer (Chrono Boost)  
  154  10:57  Nexus  
  162  10:59  Disruptor (Chrono Boost), Pylon  
  162  11:00  Pylon  
  162  11:06  Stalker x8  
  162  11:11  Warp Prism (Chrono Boost)  
  178  11:15  Protoss Ground Weapons Level 3 (Chrono Boost)  
  180  11:19  Probe x3  
  180  11:20  Probe x2, Assimilator x2  
  180  11:21  Zealot x2  
  180  11:24  Photon Cannon  
  186  11:34  Zealot x7  
  200  11:49  Photon Cannon  
  200  11:50  Photon Cannon  
  200  12:06  Robotics Facility  
  188  12:17  Zealot x6  
  193  12:30  Stalker  
  193  12:34  Zealot x3  
  198  12:43  Probe x2  
  200  12:50  Warp Prism  
  198  12:53  Photon Cannon  
  198  12:55  Photon Cannon  
  198  12:57  Photon Cannon  
  198  13:02  Probe x2  
  198  13:04  Photon Cannon  
  200  13:07  Pylon  
  200  13:08  Shield Battery  
  195  13:15  Probe x6  
  194  13:22  Stalker x5  
  194  13:26  Disruptor x2  
  196  13:36  Stalker x2  
  196  13:38  Protoss Ground Armor Level 3 (Chrono Boost)  
  198  13:50  Probe x2  
  198  13:52  Protoss Shields Level 1 (Chrono Boost)  
  200  13:57  Gateway  
  200  14:00  Gateway  
  200  14:01  Gateway  
  200  14:03  Gateway x2  
  200  14:05  Gravitic Drive  
  200  14:06  Gateway  
  200  14:07  Dark Shrine  
  200  14:13  Assimilator x2  
  200  14:18  Nexus  
  197  14:34  Disruptor x3 (Chrono Boost)  
  164  14:49  Stalker x10  
  176  15:02  Zealot x4  
  176  15:03  Zealot  
  176  15:06  Disruptor (Chrono Boost)  
  176  15:07  Disruptor x2 (Chrono Boost)  
  186  15:11  Probe x5  
  186  15:14  Gravitic Boosters  
  200  15:20  Shadow Stride (Chrono Boost)  
  200  15:23  Photon Cannon x2  
  180  15:43  Disruptor x2  
  158  15:50  Zealot x6  
  158  15:51  Zealot x6, Dark Templar x4  
  188  16:02  Disruptor  
  163  16:12  Stalker x4  
  163  16:13  Stalker x8  
  163  16:14  Observer  
  173  16:19  Disruptor, Warp Prism  
  173  16:25  Probe x7  
  181  16:37  Disruptor  
  182  16:48  Assimilator x2  
  182  16:50  Pylon  
  182  16:54  Disruptor  
  182  16:59  Nexus  
  185  17:01  Pylon  
  185  17:09  Stargate  
  183  17:21  Zealot x6  
  183  17:22  Zealot x2  
  199  17:24  Assimilator  
  199  17:25  Assimilator  
  180  17:45  Zealot x5  
  180  17:46  Zealot x5  
  194  17:57  Dark Templar x6  
Tags
 
Add a new tag
Caveats
  • Supply blocks, unpowered buildings, or Contaminate may cause inaccurate times.
  • Supply counts are checked every 10 seconds.